Map: Thunderbird LE

Players

Clem - Winner!

  • Race: Terran Terran
  • League: Master
  • Spawn Location: 5:00

LiquidMaNa (MaNa)

  • Race: Protoss Protoss
  • League: Grandmaster
  • Spawn Location: 11:00

Event: NationWars 2019

VOD

Have the link to the VOD?

Description

Time

  • Played on: Nov. 17, 2019, 5:04 p.m.
  • Length: 21:43
Show
View Real Time Build Order
Export as new Build Order

Clem Terran - Winner!

Build Orders: Reaper Expand 

Get SALT Encoding   

  12  0:00  SCV  
  13  0:13  SCV  
  14  0:17  Supply Depot  
  14  0:25  SCV  
  15  0:38  SCV  
  15  0:40  Barracks  
  16  0:43  Refinery  
  16  0:50  SCV  
  17  1:02  SCV  
  18  1:14  SCV  
  19  1:27  Orbital Command, Reaper  
  20  1:43  Command Center  
  20  1:49  Supply Depot  
  20  1:52  SCV  
  21  1:59  Marine  
  22  2:05  Factory  
  22  2:08  SCV  
  23  2:19  Refinery  
  23  2:21  Barracks Reactor  
  23  2:22  SCV  
  24  2:34  SCV  
  25  2:49  SCV  
  26  2:51  Starport  
  26  2:56  Orbital Command  
  26  2:58  Marine x2, Widow Mine  
  28  3:01  SCV  
  31  3:13  SCV  
  31  3:14  Barracks  
  31  3:16  Marine x2  
  34  3:25  SCV, Factory Tech Lab  
  34  3:26  SCV  
  36  3:33  Viking  
  37  3:37  SCV  
  37  3:38  Supply Depot  
  37  3:39  SCV  
  39  3:42  Marine x2  
  39  3:46  Siege Tank  
  44  3:50  SCV  
  44  3:51  SCV  
  46  3:58  Barracks  
  46  4:00  Engineering Bay  
  46  4:04  SCV  
  46  4:05  SCV  
  46  4:07  Marine, Barracks Tech Lab  
  49  4:10  Marine  
  49  4:16  Supply Depot  
  50  4:17  Starport Reactor  
  50  4:19  SCV x2  
  50  4:23  Refinery  
  52  4:25  Stimpack  
  52  4:28  Terran Infantry Weapons Level 1  
  52  4:31  Marine, SCV  
  53  4:37  Marine x2  
  53  4:38  SCV  
  57  4:39  Widow Mine  
  57  4:43  SCV  
  56  4:46  Marine  
  56  4:50  SCV  
  52  4:55  SCV  
  49  5:02  Marine x2  
  49  5:03  SCV  
  52  5:08  SCV  
  52  5:14  Marauder  
  53  5:15  SCV  
  53  5:19  Marine x2  
  56  5:21  SCV  
  56  5:24  Marauder  
  56  5:26  Combat Shield  
  56  5:28  SCV  
  58  5:31  Supply Depot  
  58  5:34  SCV  
  58  5:35  Marauder  
  61  5:36  Factory Reactor  
  61  5:40  SCV  
  61  5:41  Supply Depot  
  62  5:52  Medivac, Marine x2, SCV x2, Marauder  
  70  6:03  Marauder, Supply Depot x2  
  71  6:04  Medivac, SCV  
  71  6:05  SCV  
  71  6:07  Concussive Shells  
  75  6:12  Marine x2  
  75  6:16  SCV  
  78  6:24  Supply Depot  
  78  6:25  Marauder, Widow Mine x2  
  83  6:27  SCV  
  83  6:28  SCV  
  83  6:29  Marauder  
  87  6:38  Refinery  
  87  6:39  SCV  
  88  6:41  Terran Infantry Armor Level 1  
  88  6:45  Marine x2  
  88  6:46  SCV, Supply Depot  
  91  6:50  Widow Mine x2  
  91  6:51  SCV  
  96  6:56  Marauder x2  
  84  7:10  Command Center  
  84  7:14  Marine x2  
  84  7:17  Medivac x2  
  84  7:18  Marauder  
  90  7:26  Barracks  
  90  7:29  Barracks  
  90  7:30  SCV  
  90  7:31  SCV, Supply Depot  
  92  7:40  Marauder x2  
  92  7:42  SCV  
  97  7:45  Starport  
  97  7:48  Marine  
  97  7:49  Marine  
  97  7:50  SCV  
  100  7:54  SCV  
  101  8:00  Viking  
  101  8:01  Marauder, Viking  
  101  8:02  SCV  
  107  8:07  SCV  
  107  8:09  Supply Depot  
  108  8:14  SCV, Armory  
  108  8:15  Engineering Bay  
  108  8:19  SCV  
  110  8:26  SCV  
  111  8:28  Orbital Command, Supply Depot  
  111  8:30  Viking  
  111  8:31  Viking  
  111  8:32  SCV  
  116  8:37  Viking  
  116  8:40  SCV  
  119  8:41  Viking  
  119  8:44  SCV  
  119  8:46  Barracks Reactor, Marauder, Barracks Tech Lab  
  124  8:49  Marauder  
  124  8:51  Marine x2  
  124  8:53  SCV x2  
  130  8:56  SCV  
  130  8:57  Refinery x2  
  130  8:59  Ghost Academy  
  131  9:05  SCV  
  131  9:09  Viking x2  
  136  9:10  Viking  
  136  9:11  Missile Turret  
  136  9:13  SCV x2  
  140  9:17  SCV, Supply Depot  
  141  9:25  SCV x2  
  141  9:28  Marauder x2  
  141  9:30  Command Center  
  147  9:32  Marauder  
  147  9:34  Missile Turret  
  147  9:37  Supply Depot  
  147  9:38  Supply Depot  
  149  9:39  Terran Infantry Weapons Level 2  
  149  9:43  Terran Infantry Armor Level 2  
  149  9:50  Marine x4  
  157  10:02  Medivac x2  
  157  10:03  Viking  
  157  10:04  Marauder  
  163  10:09  Marine x2  
  163  10:14  Supply Depot  
  160  10:20  Marauder, Unknown, Viking  
  164  10:21  Marine  
  164  10:22  Supply Depot  
  164  10:23  Marine, Unknown  
  168  10:35  Marine x2  
  167  10:40  Supply Depot  
  167  10:41  Marine  
  167  10:42  Supply Depot  
  171  10:46  Liberator  
  171  10:48  SCV  
  171  10:49  SCV  
  173  10:50  Missile Turret, SCV  
  173  10:52  Marauder, Unknown  
  173  10:53  Marine  
  173  10:54  Liberator  
  177  10:58  Refinery  
  177  10:59  Enhanced Shockwaves, Unknown  
  177  11:03  Refinery  
  182  11:05  Marine x2  
  182  11:10  Unknown  
  184  11:13  SCV x2  
  189  11:18  Planetary Fortress  
  189  11:24  Barracks  
  189  11:25  Barracks  
  189  11:28  Marauder  
  189  11:29  Barracks  
  189  11:30  Unknown  
  191  11:33  Liberator  
  191  11:35  Sensor Tower  
  191  11:42  Starport  
  191  11:45  Fusion Core  
  193  11:47  Marauder x2  
  193  11:52  Marine x2  
  200  11:59  Command Center  
  200  12:06  Terran Infantry Weapons Level 3  
  200  12:11  Terran Infantry Armor Level 3  
  198  12:18  Barracks Reactor, Barracks Tech Lab x2  
  198  12:19  Liberator, Starport Tech Lab  
  198  12:20  Liberator  
  198  12:21  Command Center  
  198  12:22  Missile Turret  
  196  12:36  Liberator  
  194  12:51  Marine x2  
  193  12:52  Liberator x2  
  193  12:57  Unknown  
  193  12:58  Marine, Marauder  
  200  13:00  Command Center  
  189  13:06  SCV x3  
  189  13:11  Marine, Marauder x2  
  189  13:12  Marine, SCV  
  188  13:14  Unknown  
  188  13:15  SCV  
  188  13:18  SCV  
  178  13:21  SCV  
  178  13:24  SCV x2  
  171  13:31  SCV x2  
  171  13:33  SCV  
  172  13:36  SCV  
  171  13:43  Liberator  
  171  13:45  Liberator  
  171  13:46  SCV x2  
  171  13:48  Marauder x2  
  176  13:49  Liberator  
  176  13:50  SCV  
  176  13:54  Advanced Ballistics  
  173  14:08  Liberator  
  176  14:10  SCV  
  176  14:12  SCV x2  
  176  14:13  SCV  
  176  14:17  Orbital Command  
  175  14:18  Liberator  
  175  14:21  Planetary Fortress  
  175  14:22  SCV  
  176  14:29  SCV  
  180  14:35  Liberator  
  180  14:36  SCV x2  
  180  14:37  Marauder, SCV  
  187  14:41  Marauder  
  183  14:47  Marauder  
  183  14:48  SCV  
  179  15:08  Missile Turret, Marine  
  179  15:09  Marauder  
  179  15:12  Marauder x2  
  153  15:14  Liberator  
  153  15:15  Marauder  
  153  15:23  Marine x3  
  155  15:31  Marauder  
  155  15:33  Marauder x2, SCV x3  
  155  15:34  Unknown  
  155  15:35  Marauder, SCV  
  170  15:39  SCV x2  
  172  15:48  Sensor Tower  
  172  15:54  Marine x3  
  172  15:55  Marine  
  172  15:56  SCV  
  178  16:01  Terran Ship Weapons Level 1  
  178  16:04  Missile Turret  
  178  16:05  Marauder  
  178  16:08  SCV  
  178  16:09  Missile Turret, SCV  
  178  16:10  SCV  
  180  16:19  Marauder  
  180  16:20  SCV  
  180  16:22  Unknown  
  180  16:23  Missile Turret  
  180  16:24  SCV  
  183  16:26  Liberator x2  
  183  16:32  Marine x2, SCV, Marauder x2  
  196  16:48  Marauder  
  196  16:53  Marauder  
  200  16:54  Unknown  
  200  17:05  Unknown  
  199  17:12  Missile Turret, Command Center  
  189  17:20  Marine x4  
  189  17:21  Medivac  
  196  17:27  Marine x2  
  196  17:29  SCV  
  189  17:30  SCV  
  189  17:33  SCV  
  190  17:38  Missile Turret  
  190  17:41  SCV x2  
  192  17:47  Marine x2, Unknown  
  194  17:54  Marauder x3  
  198  18:07  Viking  
  198  18:10  Viking x2  
  172  18:27  Viking  
  172  18:28  Viking  
  172  18:33  Liberator  
  159  18:35  Marauder  
  159  18:37  Liberator  
  159  18:38  Marine, Marauder  
  159  18:40  Liberator, Viking  
  166  18:45  Unknown  
  166  18:49  Unknown  
  167  18:59  Marauder, Unknown  
  167  19:02  Viking  
  163  19:07  Marauder  
  163  19:08  Marauder  
  154  19:21  Marauder x2  
  154  19:22  Marine, Marauder  
  145  19:26  Marine  
  145  19:28  Marauder  
  145  19:29  Marauder  
  145  19:31  Viking  
  133  19:39  Viking  
  133  19:40  Orbital Command  
  135  19:49  Planetary Fortress  
  137  19:59  Missile Turret  
  137  20:00  Viking  
  141  20:07  Orbital Command, Viking  
  141  20:08  Liberator  
  141  20:11  Liberator  
  143  20:14  Unknown  
  143  20:16  Marine x4  
  143  20:18  Marauder x2  
  151  20:23  Marauder  
  154  20:29  Missile Turret  
  154  20:33  Unknown  
  174  20:35  Viking x2  
  155  20:39  Viking  
  161  20:48  Missile Turret  
  161  20:52  Missile Turret  
  161  20:56  Marine x4  
  163  20:58  Marauder  
  163  20:59  Marauder, Orbital Command  
  163  21:05  Viking  
  163  21:09  Marauder  
  151  21:15  Marine x2  
  138  21:20  Marine x5  
  138  21:22  Marauder x2  
  141  21:25  Refinery  
  141  21:27  Refinery  
Show
View Real Time Build Order
Export as new Build Order

LiquidMaNa Protoss 

Build Orders: 1 Gate Expand, Chargelot Immortal, Colossus Rush 

Get SALT Encoding   

  12  0:00  Probe  
  13  0:12  Probe  
  14  0:17  Pylon  
  14  0:24  Probe (Chrono Boost)  
  15  0:37  Probe (Chrono Boost), Gateway  
  16  0:45  Probe (Chrono Boost)  
  16  0:46  Assimilator  
  17  0:51  Probe  
  18  1:03  Probe  
  19  1:15  Probe  
  20  1:23  Nexus  
  20  1:32  Cybernetics Core  
  20  1:36  Probe  
  21  1:42  Assimilator  
  21  1:49  Pylon  
  21  1:51  Probe  
  22  2:03  Probe  
  22  2:05  Adept (Chrono Boost)  
  23  2:15  Probe  
  26  2:17  Warp Gate  
  26  2:22  Robotics Facility  
  26  2:25  Adept (Chrono Boost)  
  28  2:30  Probe  
  28  2:36  Probe  
  29  2:42  Probe  
  30  2:48  Probe  
  31  2:58  Gateway  
  31  2:59  Gateway  
  31  3:00  Probe  
  31  3:03  Probe  
  33  3:12  Warp Prism (Chrono Boost)  
  33  3:19  Adept (Chrono Boost)  
  37  3:22  Probe  
  37  3:24  Probe  
  38  3:34  Probe  
  38  3:36  Probe, Pylon  
  40  3:44  Assimilator  
  40  3:47  Probe, Pylon  
  41  3:48  Probe  
  41  3:49  Observer (Chrono Boost)  
  43  4:00  Probe  
  45  4:05  Stalker x2  
  45  4:06  Stalker  
  50  4:12  Probe  
  50  4:13  Probe  
  52  4:17  Pylon  
  52  4:30  Stalker x3  
  58  4:36  Probe x2  
  58  4:45  Immortal  
  62  4:48  Probe  
  62  4:52  Probe  
  62  4:57  Sentry  
  62  4:58  Sentry  
  58  5:01  Robotics Bay  
  58  5:08  Probe x2  
  60  5:24  Observer, Immortal (Chrono Boost)  
  60  5:25  Probe x2  
  66  5:35  Pylon  
  66  5:36  Nexus  
  66  5:37  Pylon  
  66  5:40  Probe x2  
  68  5:45  Forge  
  68  5:53  Pylon  
  68  5:54  Colossus (Chrono Boost)  
  74  5:59  Observer  
  74  6:01  Extended Thermal Lance  
  74  6:02  Probe  
  75  6:11  Gateway  
  75  6:14  Zealot x2, Sentry  
  77  6:24  Shield Battery  
  77  6:26  Shield Battery  
  77  6:32  Colossus (Chrono Boost)  
  77  6:38  Adept, Zealot  
  87  6:41  Protoss Ground Armor Level 1 (Chrono Boost)  
  87  6:47  Twilight Council  
  87  6:48  Zealot  
  85  7:05  Stalker  
  85  7:06  Stalker x2  
  85  7:08  Probe x3  
  90  7:19  Zealot, Charge (Chrono Boost)  
  90  7:20  Probe x3  
  95  7:32  Probe x2, Zealot x2, Stalker  
  103  7:39  Probe  
  103  7:40  Assimilator  
  104  7:44  Probe x2  
  104  7:48  Pylon  
  104  7:49  Pylon  
  106  7:51  Assimilator  
  106  7:59  Pylon  
  106  8:01  Pylon  
  106  8:04  Colossus (Chrono Boost)  
  106  8:05  Pylon  
  106  8:07  Pylon  
  106  8:08  Zealot x4  
  120  8:14  Probe x2  
  120  8:16  Photon Cannon  
  122  8:20  Probe  
  122  8:21  Assimilator  
  122  8:26  Probe x2  
  115  8:32  Probe  
  115  8:33  Templar Archives  
  116  8:38  Probe x2  
  118  8:42  Protoss Ground Armor Level 2 (Chrono Boost)  
  118  8:43  Immortal (Chrono Boost)  
  122  8:50  Forge  
  122  8:51  Probe  
  123  8:59  Probe  
  123  9:00  Probe  
  125  9:03  Probe, Psionic Storm  
  125  9:04  Gateway  
  125  9:06  Gateway  
  125  9:08  Gateway  
  126  9:11  Protoss Ground Weapons Level 1 (Chrono Boost)  
  126  9:17  High Templar x2  
  126  9:18  Observer (Chrono Boost), High Templar  
  126  9:23  Pylon  
  132  9:30  Zealot  
  134  9:33  Gateway  
  134  9:34  Probe x3  
  137  9:41  Immortal  
  141  9:45  Pylon  
  141  9:54  High Templar x2  
  141  9:57  Nexus  
  145  10:01  Probe  
  145  10:06  Probe  
  145  10:07  Probe  
  141  10:12  Archon, High Templar x2  
  141  10:13  Probe  
  146  10:14  Zealot x2  
  146  10:18  Archon  
  150  10:22  Probe x2  
  150  10:25  Probe  
  153  10:35  Immortal  
  157  10:37  Robotics Facility  
  157  10:40  Probe x2  
  157  10:41  Shield Battery, Blink (Chrono Boost)  
  159  10:43  Shield Battery  
  159  10:46  Probe  
  160  10:52  Probe  
  160  10:54  Probe  
  162  10:58  Probe, High Templar x2  
  162  10:59  High Templar  
  162  11:00  Pylon  
  162  11:02  Pylon  
  162  11:03  Pylon  
  169  11:09  Probe x2, Dark Shrine  
  169  11:10  Probe  
  172  11:16  Protoss Ground Armor Level 3  
  172  11:20  Probe  
  172  11:21  Assimilator, Probe  
  172  11:23  Assimilator  
  172  11:25  Disruptor  
  174  11:31  Observer  
  174  11:32  Photon Cannon  
  177  11:37  Zealot x4  
  183  11:48  Stalker x4  
  183  11:49  Disruptor  
  194  12:08  Disruptor  
  197  12:21  Dark Templar  
  191  12:23  Pylon  
  191  12:25  Disruptor  
  194  12:36  Stalker x3  
  200  12:46  Archon  
  196  12:51  Disruptor  
  193  13:01  Disruptor  
  192  13:10  Zealot x3  
  192  13:11  Zealot x5  
  194  13:12  Probe x2  
  194  13:14  Probe  
  194  13:18  Observer  
  191  13:23  Probe  
  191  13:25  Probe  
  185  13:27  Disruptor  
  186  13:34  Stalker x3  
  186  13:35  Stalker x2  
  186  13:36  Disruptor  
  197  13:46  Nexus  
  195  13:48  Stalker x2  
  195  13:49  Stalker  
  181  14:05  Stalker x3  
  181  14:09  Stargate  
  187  14:10  Stargate  
  187  14:14  Stalker x2  
  187  14:15  Stalker x3  
  195  14:22  Protoss Air Weapons Level 1  
  195  14:28  Pylon  
  193  14:31  Pylon  
  193  14:34  Dark Templar  
  193  14:54  Fleet Beacon, Stargate  
  193  14:55  Dark Templar x3  
  184  15:16  Stalker  
  184  15:17  Stalker x3  
  190  15:34  Zealot x3  
  190  15:35  Dark Templar  
  198  15:42  Protoss Shields Level 1, Protoss Ground Weapons Level 2  
  198  15:55  Assimilator  
  135  15:57  Shadow Stride  
  198  15:58  Assimilator  
  198  16:00  Photon Cannon  
  198  16:04  Photon Cannon  
  196  16:14  Disruptor x2  
  194  16:19  Tempest (Chrono Boost)  
  194  16:23  Tempest (Chrono Boost)  
  195  16:29  Tempest (Chrono Boost)  
  195  16:31  Photon Cannon  
  198  16:34  Photon Cannon  
  198  16:42  Gravitic Drive  
  196  16:48  High Templar x2  
  196  17:03  Tempest  
  196  17:06  Stalker x3  
  193  17:11  High Templar x3  
  189  17:29  Disruptor x2  
  171  17:42  Tempest  
  171  17:43  Nexus  
  176  17:52  Nexus  
  176  17:54  Zealot x4  
  176  17:55  Zealot x4  
  192  18:02  Nexus  
  187  18:12  Nexus  
  172  18:14  Pylon  
  136  18:36  Zealot x6  
  136  18:37  Zealot  
  103  19:27  Stalker x3  
  109  19:43  Probe x3  
  109  19:45  Probe  
  113  19:51  Probe  
  114  19:55  Probe x2  
  114  19:58  Probe x2  
  115  20:01  Observer  
  115  20:03  Probe  
  117  20:17  Dark Templar  
  117  20:21  Probe x2  
  121  20:22  Observer  
  118  20:38  Tempest  
  120  20:55  Probe x3  
  123  21:01  Stalker  
  57  21:25  Dark Templar, Stalker x2  
Tags
 
Add a new tag
Caveats
  • Supply blocks, unpowered buildings, or Contaminate may cause inaccurate times.
  • Supply counts are checked every 10 seconds.